 Dungeon Crawl Stone Soup version 0.30-a0-845-g7c6808c8ce (webtiles) character file.

Game seed: 13033115538712059767

387 cforsyth the Sneak (level 7, 0/64 HPs)
             Began as a Kobold Brigand on Mar 2, 2023.
             Slain by Pikel
             ... wielding a +2 whip of flaming
              (5 damage)
             ... on level 3 of the Dungeon on Mar 3, 2023.
             The game lasted 00:06:05 (3349 turns).

cforsyth the Sneak (Kobold Brigand)                 Turns: 3349, Time: 00:06:05

Health: 0/64       AC:  3    Str:  8    XL:     7   Next: 7%
Magic:  7/7        EV: 16    Int: 12    God:
Gold:   160        SH:  0    Dex: 19    Spells: 6/6 levels left

rFire   + . .      SeeInvis .    a - +2 dagger
rCold   + . .      Faith    .    (no shield)
rNeg    . . .      Spirit   .    b - +0 robe
rPois   +          Reflect  .    (no helmet)
rElec   +          Rampage  .    c - +0 cloak
rCorr   +                        (no gloves)
Will    +....                    (no boots) Stlth
                                 (no amulet)
HPRegen 0.30/turn                (no ring)
MPRegen 0.10/turn                (no ring)

@: brilliant, berserking, resistant, very quick
A: small, no large weapons, nightstalker 3, strong-willed 1
a: no special abilities


You were on level 3 of the Dungeon.
You visited 1 branch of the dungeon, and saw 4 of its levels.

You collected 160 gold pieces.

Inventory:

Hand Weapons
 a - a +2 dagger (weapon)
 y - a +1 short sword of venom
 z - a +2 short sword of holy wrath
Missiles
 d - 14 poisoned darts (quivered)
 e - 3 curare-tipped darts
Armour
 b - a +0 robe (worn)
 c - a +0 cloak (worn)
Jewellery
 u - a ring of protection from cold
 w - a +6 ring of dexterity
Wands
 n - a wand of flame (16)
Scrolls
 i - 2 scrolls of teleportation {unknown}
 k - 2 scrolls of identify {unknown}
 l - a scroll of poison {unknown}
 m - a scroll of noise {unknown}
 p - a scroll of blinking {unknown}
 q - a scroll of immolation {unknown}
 r - 2 scrolls of vulnerability {unknown}
 t - a scroll of acquirement {unknown}
 v - a scroll of fog {unknown}
Potions
 h - a potion of heal wounds
 j - a potion of mutation
 x - a potion of attraction {unknown}


   Skills:
 + Level 4.2 Fighting
 + Level 5.1 Short Blades
 - Level 2.1 Throwing
 + Level 4.1 Dodging
 + Level 7.2 Stealth


You had 6 spell levels left.
You didn't know any spells.
Your spell library contained the following spells:

 Spells                   Type           Power      Damage    Failure   Level
 Sublimation of Blood     Necr           0%         N/A       45%         2
 Dazzling Flash           Conj/Hex       0%         N/A       69%         3
 Vhi's Electric Charge    Tloc/Air       0%         N/A       69%         3
 Iskenderun's Mystic Bla  Conj/Tloc      0%         2d3       97%         4
 Petrify                  Tmut/Erth      0%         N/A       97%         4
 Arcjolt                  Conj/Air       0%         1d10      100%        5
 Irradiate                Conj/Tmut      0%         3d11      100%        5
 Summon Forest            Summ/Tloc      0%         N/A       100%        5
 Summon Mana Viper        Hex/Summ       0%         N/A       100%        5
 Starburst                Conj/Fire      0%         6d3       100%        6
 Summon Cactus Giant      Summ           0%         N/A       100%        6
 Maxwell's Capacitive Co  Air            0%         ∞         100%        8


Dungeon Overview and Level Annotations

Branches:
Dungeon (4/15)
 Temple: D:4-7

Altars:

Annotations:
D:3 Pikel


Innate Abilities, Weirdness & Mutations

You are small and have problems with some larger weapons.
You are completely attuned to the shadows.
You are strong-willed. (Will+)


Message History

You start waiting.
Done waiting.
Done exploring.
Done exploring.
Done exploring.
Done exploring.
Done exploring.
You climb downwards.
Level annotation: Pikel Pikel hits you with a +2 whip of flaming!
Pikel burns you.
Pikel hits you with a +2 whip of flaming!
Pikel burns you.
There is a stone staircase leading up, spattered with blood here.
There are monsters nearby!
Pikel barely misses you.
You climb upwards.
There is a stone staircase leading down here.
You barely miss Pikel.
It was a potion of brilliance.
You feel clever all of a sudden.
Pikel hits you with a +2 whip of flaming!
Pikel burns you.
It was a potion of resistance.
You feel protected.
Pikel hits you with a +2 whip of flaming.
* * * LOW HITPOINT WARNING * * *
Pikel burns you.
* * * LOW HITPOINT WARNING * * *
It was a potion of berserk rage.
A red film seems to cover your vision as you go berserk!
You feel yourself moving faster!
You feel mighty!
Pikel hits you with a +2 whip of flaming.
* * * LOW HITPOINT WARNING * * *
Pikel burns you.
* * * LOW HITPOINT WARNING * * *
Unknown command.
You barely miss Pikel.
Pikel hits you with a +2 whip of flaming.
You die...

#)#####.# #.# #.#####
#.#####.....# ###.##.....##.#
#...##.##.....# ###########
#.####......#.# #.........####
#.####........####.............
#...........#.K...............)
###.......##..#.@..............).
#.............#..................
###.......##.....................
#.###...##..#...###.#..........
#.###...........#...#....######
#.............#.#.#.#.#### #
##....###...........#.#########
#....# #....##...##...........
#)...# #######+#.#............


You could see Pikel.

Vanquished Creatures
  Sigmund (D:2)
  A scorpion (D:3)
  Terence (D:3)
  4 gnolls
  5 adders
  A worm (D:3)
  2 dart slugs
  3 orcs (D:3)
  3 ball pythons (D:2)
  3 bats
  5 endoplasms
  2 giant cockroaches
  5 goblins
  7 hobgoblins
  A quokka (D:1)
  A frilled lizard (D:3)
  6 kobolds
  5 rats
56 creatures vanquished.

Vanquished Creatures (others)
  6 plants (D:2)
6 creatures vanquished.

Grand Total: 62 creatures vanquished

Notes
Turn   | Place    | Note
-------+----------+-------------------------------------------
     0 | D:1      | cforsyth the Kobold Brigand began the quest for the Orb.
     0 | D:1      | Reached XP level 1. HP: 12/12 MP: 1/1
   283 | D:1      | Reached XP level 2. HP: 18/18 MP: 2/2
   459 | D:1      | Found a faded altar of an unknown god.
   877 | D:2      | Noticed Sigmund
   881 | D:2      | Killed Sigmund
   882 | D:2      | Reached skill level 6 in Stealth
   882 | D:2      | Reached XP level 3. HP: 23/23 MP: 3/3
   882 | D:2      | Reached XP level 4. HP: 28/28 MP: 4/4
   882 | D:2      | Reached XP level 5. HP: 32/32 MP: 5/5
   999 | D:2      | Reached XP level 6. HP: 36/37 MP: 6/6
  1274 | D:2      | HP: 1/38 [ball python (3)]
  2605 | D:3      | Reached skill level 7 in Stealth
  2825 | D:3      | Noticed Terence
  2829 | D:3      | Killed Terence
  3006 | D:4      | Noticed Pikel
  3019 | D:4      | HP: 1/38 [poisoned by a scorpion]
  3032 | D:3      | Gained mutation: You are strong-willed. (Will+) [potion of
                  | mutation]
  3036 | D:3      | Reached skill level 5 in Short Blades
  3036 | D:3      | Reached XP level 7. HP: 14/43 MP: 7/7
  3349 | D:3      | Slain by Pikel

Illustrated notes

Levels and vault maps discovered:
D:1:      elethiomel_arrival_shortcut, layout_loops_ring,
          hellmonk_ecumenical_altar_lost_god
D:2:      layout_rooms, serial_forest, infiniplex_forest_end_2,
          infiniplex_forest_lined_room_, infiniplex_forest_clump_tiny,
          infiniplex_forest_lined_room_, infiniplex_forest_diagonal,
          infiniplex_forest_clump_small, infiniplex_forest_clump_curved,
          infiniplex_forest_clump_medium, minmay_pentomino_p4, uniq_sigmund
D:3:      layout_basic, uniq_terence
D:4:      layout_basic, uniq_pikel

Skill      XL: |  1  2  3  4  5  6 |
---------------+-------------------+-----
Short Blades   | 4 5 |  5.1
Fighting       | 3 4 |  4.2
Dodging        | 3 4 |  4.1
Stealth        | 6 7 |  7.2
Throwing       | |  2.1

Action                     |  1- 3 |  4- 6 |  7- 9 || total
---------------------------+-------+-------+-------++-------
  Melee: Dagger            |    21 |   151 |     2 ||   174
         Punch             |       |     4 |       ||     4
    Use: Potion            |       |     6 |     3 ||     9
   Stab: Sleeping          |     8 |    18 |       ||    26
         Distracted        |       |     1 |       ||     1
 Armour: Robe              |     3 |    13 |       ||    16
  Dodge: Dodged            |     5 |    85 |     1 ||    91

Table legend: (Time is in decaauts)
 A = Elapsed time spent in this place.
 B = Non-inter-level travel time spent in this place.
 C = Inter-level travel time spent in this place.
 D = Time resting spent in this place.
 E = Time spent auto-exploring this place.
 F = Levels seen in this place.
 G = Mean time per level.
                   A        B        C        D        E       F      G
               +--------+--------+--------+--------+--------+-----+--------+
         Total |   3313 |   3162 |    151 |    539 |   2170 |   4 |  828.2 |
       Dungeon |   3313 |   3162 |    151 |    539 |   2170 |   4 |  828.2 |
               +--------+--------+--------+--------+--------+-----+--------+

Top non-repeatable levels by time:
     D:3: 1304 daAuts
     D:2: 1148 daAuts
     D:1: 829 daAuts
     D:4: 30 daAuts
